 Dungeon Crawl Stone Soup version 0.23.0-3-gf3c87f2df8 (webtiles) character file.

Game seed: 17110776918269155896

311 Jukra the Cudgeler (level 6, 0/56 HPs)
             Began as a Minotaur Berserker on Feb 24, 2019.
             Was a Believer of Trog.
             Shot with a stone by a goblin (4 damage)
             ... on level 2 of the Dungeon.
             The game lasted 00:06:24 (1582 turns).

Jukra the Cudgeler (Minotaur Berserker)             Turns: 1582, Time: 00:06:25

Health: 0/56       AC:  7    Str: 24    XL:     6   Next: 18%
Magic:  5/5        EV: 12    Int:  4    God:    Trog [**....]
Gold:   49         SH:  0    Dex:  9    Spells: 5/5 levels left

rFire    . . .     SeeInvis .   a - +0 mace
rCold    . . .     Gourm    .   (no shield)
rNeg     . . .     Faith    .   g - +0 ring mail
rPois    .         Spirit   .   (helmet restricted)
rElec    .         Reflect  .   e - +0 cloak (curse)
rCorr    .         Harm     .   (no gloves)
MR       .....                  (no boots)
Stlth    ..........             (no amulet)
HPRegen  0.18/turn              j - +1 ring of slaying
MPRegen  0.09/turn              (no ring)

@: no status effects
A: retaliatory headbutt, horns 2
a: Berserk, Trog's Hand, Renounce Religion


You were on level 2 of the Dungeon.
You worshipped Trog.
Trog was pleased with you.
You were not hungry.

You visited 1 branch of the dungeon, and saw 2 of its levels.

You collected 49 gold pieces.

Inventory:

Hand Weapons
 a - a +0 mace (weapon)
Armour
 e - a cursed +0 cloak (worn)
 g - a +0 ring mail (worn)
Jewellery
 j - a +1 ring of slaying (left hand)
Wands
 o - a wand of clouds (5)
Scrolls
 b - 3 scrolls of enchant armour {unknown}
 k - a scroll of blinking {unknown}
 m - a scroll of remove curse {unknown}
Potions
 d - a potion of haste {unknown}
 f - a potion of curing {unknown}
 h - a potion of magic {unknown}
 i - 2 potions of cancellation {unknown}
 n - 2 potions of berserk rage {unknown}
Comestibles
 c - 6 rations


   Skills:
 + Level 5.5 Fighting
 + Level 5.7 Maces & Flails
 + Level 4.3 Armour
 + Level 3.1 Dodging
 + Level 0.2 Stealth


You had 5 spell levels left.
You didn't know any spells.
Your spell library contained the following spells:

 Spells                   Type           Power        Failure   Level  Hunger
 Animate Skeleton         Necr           N/A          65%         1    ##.....
 Apportation              Tloc           #.....       65%         1    ##.....
 Confusing Touch          Hex            #.....       65%         1    ##.....
 Summon Small Mammal      Summ           #...         65%         1    ##.....


Dungeon Overview and Level Annotations

Branches:
Dungeon (2/15)

Altars:
Ashenzari
The Shining One


Innate Abilities, Weirdness & Mutations

You reflexively headbutt those who attack you in melee.
You have a pair of horns on your head.


Message History

You have reached level 6!
Your experience leads to an increase in your attributes!
Increase (S)trength, (I)ntelligence, or (D)exterity?
You feel stronger.
You barely miss the worm. You headbutt the worm!
The worm is heavily wounded.
The goblin shoots a stone.
The stone misses you. The worm completely misses you.
You hit the worm. You headbutt the worm.
The worm is severely wounded.
The goblin shoots a stone.
The stone hits you.
* * * LOW HITPOINT WARNING * * *
The worm bites you!
* * * LOW HITPOINT WARNING * * *
You sock the worm!
You kill the worm!
Trog accepts your kill.
The goblin shoots a stone.
The stone barely misses you.
The goblin shoots a stone.
The stone hits you.
You die...

########### ..........#
...######.# ####
############# # ...........
# ..#...#g..### #
............# #
..#...#†((#.# #
.......@.(..#####
####################.(...##
#.......###.##.# #####..#
#.......#......# #......#
#.......#.#.####
#.####.#### #.....<.....#
#.####....#
.......÷#.#.####
#.##......#
..##.##.#......#
##.##......####
.....##.###.##.#
#...[.._(.....#


You could see a goblin.

Vanquished Creatures
  A sky beast (D:2)
  A crimson imp (D:2)
  Natasha (D:2)
  7 gnolls (D:2)
  2 adders (D:2)
  An ooze (D:2)
  2 worms (D:2)
  4 dart slugs
  An orc (D:2)
  2 ball pythons (D:2)
  2 giant cockroaches (D:1)
  6 goblins
  6 hobgoblins
  2 quokkas (D:2)
  7 bats
  5 frilled lizards
  3 kobolds
  6 rats
59 creatures vanquished.

Notes
Turn   | Place    | Note
-------+----------+-------------------------------------------
     0 | D:1      | Jukra the Minotaur Berserker began the quest for the Orb.
     0 | D:1      | Reached XP level 1. HP: 19/19 MP: 0/0
   102 | D:1      | Reached XP level 2. HP: 9/27 MP: 1/1
   811 | D:2      | Reached XP level 3. HP: 34/34 MP: 2/2
   832 | D:2      | Reached ** piety under Trog
   858 | D:2      | Found a shattered altar of Ashenzari.
   872 | D:2      | Reached XP level 4. HP: 29/41 MP: 3/3
  1129 | D:2      | Reached skill level 5 in Maces & Flails
  1199 | D:2      | Reached XP level 5. HP: 41/47 MP: 4/4
  1364 | D:2      | Found a glowing golden altar of the Shining One.
  1371 | D:2      | Noticed Natasha
  1380 | D:2      | Killed Natasha
  1565 | D:2      | Noticed a sky beast
  1578 | D:2      | Killed a sky beast
  1578 | D:2      | Reached skill level 5 in Fighting
  1578 | D:2      | Reached XP level 6. HP: 17/56 MP: 5/5
  1582 | D:2      | Shot with a stone by a goblin

Skill      XL: |  1  2  3  4  5 |
---------------+----------------+-----
Fighting       | 4 5 |  5.5
Maces & Flails | 4 5 |  5.7
Armour         | 3 4 |  4.3
Dodging        | 3 |  3.1
Stealth        | |  0.2

Action                   |  1- 3 |  4- 6 || total
-------------------------+-------+-------++-------
Melee: Mace              |    53 |    72 ||   125
       Headbutt          |    10 |    14 ||    24
Invok: Berserk           |       |     1 ||     1
       Trog's Hand       |       |     1 ||     1
  Eat: Chunk             |       |     4 ||     4
Armor: Leather armour    |     4 |       ||     4
       Ring mail         |    13 |    25 ||    38
Dodge: Dodged            |    35 |    54 ||    89
